 Dungeon Crawl Stone Soup version 0.19.5 (webtiles) character file.

11956 tidbits the Carver (level 11, -5/75 HPs)
             Began as a High Elf Skald on Nov 9, 2017.
             Was an Elder of Makhleb.
             Slain by an orc warrior
             ... wielding a +0 glaive
              (15 damage)
             ... on level 1 of the Orcish Mines.
             The game lasted 00:57:56 (4922 turns).

tidbits the Carver (High Elf Skald)                 Turns: 4922, Time: 00:57:57

Health: -5/75      AC: 14    Str: 10    XL:     11   Next: 56%
Magic:  24/27      EV: 18    Int: 17    God:    Makhleb [****..]
Gold:   115        SH:  0    Dex: 15    Spells: 4 memorised, 8 levels left

rFire  + + .     SeeInvis .     a - +2 long sword (holy)
rCold  . . .     Gourm    .     B - +0 troll leather armour {Snorg}
rNeg   + + +     Faith    .     (no shield)
rPois  .         Spirit   .     (helmet restricted)
rElec  .         Reflect  .     C - +1 cloak
rCorr  .         Harm     .     G - +3 pair of gloves of the Stallion {rF++ rN+++ MP+9 Str-4}
MR     +....     Rnd*Rage +     (no boots)
Stlth  +.........               v - amulet of magic regeneration
                                U - +3 ring of protection
                                V - +2 ring of evasion

@: exhausted, very slightly contaminated, hasted and slowed
A: claws 1, horns 1, berserk 1
a: Minor Destruction, Lesser Servant of Makhleb, Major Destruction, Renounce
Religion


You were on level 1 of the Orcish Mines.
You worshipped Makhleb.
Makhleb was greatly pleased with you.
You were not hungry.

You visited 3 branches of the dungeon, and saw 15 of its levels.
You also visited: Ossuary.

You collected 577 gold pieces.
You spent 462 gold pieces at shops.

Inventory:

Hand Weapons
 a - a +2 long sword of holy wrath (weapon)
   (You found it on level 6 of the Dungeon)
 i - a +4 quarterstaff of chaos
   (You took it off Crazy Yiuf on level 5 of the Dungeon)
 l - a +0 short sword of venom
   (You found it on level 9 of the Dungeon)
 n - a +0 dagger of draining
   (You found it on level 1 of the Dungeon)
 p - a +0 scimitar
   (You took it off a wight on level 12 of the Dungeon)
 I - a +0 blowgun
   (You took it off a kobold on level 6 of the Dungeon)
 Q - a +0 shortbow
   (You took it off a centaur on level 11 of the Dungeon)
 W - a +2 short sword of freezing
   (You found it on level 8 of the Dungeon)
 X - a +0 arbalest
   (You found it on level 8 of the Dungeon)
Missiles
 b - 2 tomahawks (quivered)
 m - 72 bolts
 w - 52 arrows
 F - a throwing net {!f}
 J - 49 poisoned needles
Armour
 B - a +0 troll leather armour (worn) {Snorg}
   (You found it on level 10 of the Dungeon)
 C - a +1 cloak (worn)
   (You took it off Crazy Yiuf on level 5 of the Dungeon)
 E - a +0 helmet
   (You found it on level 7 of the Dungeon)
 G - the +3 pair of gloves of the Stallion (worn) {rF++ rN+++ MP+9 Str-4}
   (You found it on level 6 of the Dungeon)

   It affects your strength (-4).
   It greatly protects you from fire.
   It renders you almost immune to negative energy.
   It affects your magic capacity (+9).
 N - a +2 ring mail of magic resistance
   (You took it off an orc on level 6 of the Dungeon)
 S - a +2 ring mail of cold resistance
   (You found it on level 1 of the Dungeon)
Rods
 Y - a +3 rod of shadows (13/13)
   (You found it on level 9 of the Dungeon)
Jewellery
 v - an amulet of magic regeneration (around neck)
   (You found it on level 4 of the Dungeon)
 P - an uncursed ring of poison resistance
   (You took it off a kobold on level 10 of the Dungeon)
 U - a +3 ring of protection (right hand)
   (You found it on level 2 of the Dungeon)
 V - a +2 ring of evasion (left hand)
   (You found it on level 1 of the Dungeon)
Wands
 y - a wand of random effects (33/48)
   (You found it on level 11 of the Dungeon)
 O - a wand of slowing (27/48)
   (You found it on level 5 of the Dungeon)
 R - a wand of paralysis (19/24)
   (You bought it in a shop on level 7 of the Dungeon)
Scrolls
 e - 7 scrolls of teleportation
 o - 2 scrolls of fear {unknown}
 q - 4 scrolls of enchant weapon
 r - a scroll of remove curse
 u - 3 scrolls of immolation {unknown}
 D - 3 scrolls of silence {unknown}
 M - a scroll of amnesia
Potions
 g - 2 potions of lignification
 h - a potion of agility
 s - a potion of cure mutation
 t - a potion of resistance
 z - 4 potions of curing
 A - a potion of haste
 H - a potion of brilliance
 K - 2 potions of cancellation
 L - 2 potions of ambrosia
 T - a potion of flight
 Z - a potion of berserk rage
Books
 c - a book of Battle

   Spells                             Type                      Level
   a - Infusion                       Charms                       1
   b - Shroud of Golubria             Charms/Translocation         2
   c - Song of Slaying                Charms                       2
   d - Spectral Weapon                Hexes/Charms                 3
   e - Regeneration                   Charms/Necromancy            3
 f - a book of Debilitation
   (You found it on level 12 of the Dungeon)

   Spells                             Type                      Level
   a - Corona                         Hexes                        1
   b - Slow                           Hexes                        2
   c - Gell's Gravitas                Hexes/Translocation          3
   d - Inner Flame                    Hexes/Fire                   3
   e - Cause Fear                     Hexes                        4
   f - Leda's Liquefaction            Hexes/Earth                  4
Comestibles
 d - 10 bread rations
 k - 2 meat rations
 x - 3 slices of pizza


   Skills:
 + Level 7.4 Fighting
 * Level 12.8 Long Blades
 - Level 3.9 Armour
 + Level 7.9 Dodging
 - Level 4.4 Spellcasting
 - Level 2.3 Hexes
 - Level 5.7 Charms
 - Level 2.3 Necromancy
 - Level 7.1 Invocations
 - Level 4.2 Evocations


You had 8 spell levels left.
You knew the following spells:

 Your Spells              Type           Power        Failure   Level  Hunger
g - Shroud of Golubria    Chrm/Tloc      ##........   12%         2    ##.....
r - Regeneration          Chrm/Necr      ###.......   12%         3    ###....
w - Spectral Weapon       Hex/Chrm       ###.....     12%         3    ###....
y - Song of Slaying       Chrm           ###.....     3%          2    ##.....


Dungeon Overview and Level Annotations

Branches:
Dungeon (13/15)            Temple (1/1) D:5            Lair (0/6) D:10
    Orc (1/2) D:9
 Vaults: D:13-14

Altars:
Ashenzari
Cheibriados
Dithmenos
Elyvilon
Fedhas
Gozag
Hepliaklqana
Kikubaaqudgha
Makhleb
Nemelex Xobeh
Okawaru
Qazlal
Ru
Sif Muna
Trog
Uskayaw
Vehumet
Xom
Yredelemnul
Zin
The Shining One

Shops:
D:7 }   D:8 *   D:9 [   D:12 *

Annotations:
D:3 p0werm0de's ghost, amateur HECK
D:5 2 exclusions


Innate Abilities, Weirdness & Mutations

You have sharp fingernails.
You have a pair of small horns on your head.
You tend to lose your temper in combat.


Message History

You slash the warg!
The warg is almost dead.
The warg completely misses you.
You riposte.
You slash the warg!
You kill the warg!
Makhleb accepts your kill.
You feel better.
The orc warrior hits you but does no damage.
You slash the orc warrior!
The orc warrior is heavily wounded.
Your shroud bends the orc warrior's attack away!
You hit the orc warrior.
The orc warrior is severely wounded.
You are no longer berserk.
You are exhausted.
You feel yourself slow down.
Your shroud begins to fray at the edges.
Your shroud bends the orc warrior's attack away.
Okay, then.
Evoke which item? (* to show all) (? for menu, Esc to quit)
Okay, then.
Okay, then.
You feel yourself speed up.
Your skin stops crawling.
The orc warrior completely misses you. x2
The orc warrior hits you but does no damage.
The orc warrior misses you.
You are very lightly contaminated with residual magic.
A demon appears!
The orc warrior hits you from afar with a halberd!!
Your shroud bends the orc warrior's attack away! x2
Casting: Regeneration
Confirm with . or Enter, or press ? or * to list all spells.
You draw out your weapon's spirit!
The orc warrior closely misses you. The orc warrior misses you.
The warg bites your spectral weapon.
The orc warrior hits you but does no damage.
Your neqoxec hits the orc warrior!
An orc warrior comes into view. It is wielding a hand axe.
You hit the orc warrior. You headbutt the orc warrior.
The orc warrior is severely wounded.
Your spectral weapon hits the orc warrior!
The orc warrior hits your spectral weapon with a long sword!!
Your spectral weapon shares its damage with you!
Your spectral weapon fades away.
The orc warrior closely misses you. The orc warrior misses you.
The orc warrior shouts!
You hit the warg.
The warg is lightly wounded.
The orc warrior barely misses you.
Your neqoxec hits the orc warrior but does no damage.
The warg completely misses you.
The orc warrior hits you with a long sword!
* * * LOW HITPOINT WARNING * * *
Your shroud falls apart!
You hit the orc warrior.
You kill the orc warrior!
Makhleb accepts your kill.
You feel better. The orc warrior closely misses you.
The orc warrior barely misses you. The warg misses you.
Your neqoxec hits the warg! The orc warrior hits you with a mace!
* * * LOW HITPOINT WARNING * * *
You slash the warg!
The warg is heavily wounded.
The warg bites you but does no damage.
Evoke which item? (* to show all) (? for menu, Esc to quit)
Okay, then.
You hit the warg.
The warg is severely wounded.
Your neqoxec misses the warg.
The orc warrior hits you but does no damage.
The orc warrior hits you from afar with a glaive!
* * * LOW HITPOINT WARNING * * *
The orc warrior barely misses you. The warg bites you!
* * * LOW HITPOINT WARNING * * *
Okay, then.
Okay, then.
Your neqoxec completely misses the warg.
The warg bites you but does no damage.
The orc warrior hits your neqoxec but does no damage.
An orc comes into view. It is wielding a mace.
Things that are here:
a hand axe; an orc corpse Evoke which item? (* to show all) (? for menu, Esc to quit)
Zapping:
R - a wand of paralysis (19/24)
Press: ? - help, Shift-Dir - straight line, f - orc warrior
Aim: an orc warrior, wielding a mace and wearing a plate armour (severely wounded, chance to defeat MR: 54%)
Okay, then.
Okay, then.
Your neqoxec hits the warg.
The orc warrior hits your neqoxec with a hand axe!
The warg bites you.
* * * LOW HITPOINT WARNING * * *
The orc moves out of view.
Your neqoxec closely misses the warg.
The warg closely misses you.
You riposte.
You slash the warg!
You kill the warg!
Makhleb accepts your kill.
The orc warrior closely misses your neqoxec.
The orc hits your neqoxec with a short sword!
The orc warrior hits you from afar with a glaive!
You die...

...........
#..........
$...#...#.
##.....>...
#.........o
##....o...h.
#..oo.o.....
##3oo(#.##.
##@#.).#
#...o)##
##....#
##.(## ####


You could see 4 orc warriors, 3 orcs and a friendly neqoxec.

Vanquished Creatures
  A stone giant (Orc:1)
  8 hill giants
  A manticore (D:11)
  An ugly thing (D:11)
  Prince Ribbit (D:6)
  3 trolls
  The ghost of p0werm0de the Slasher, an amateur HECK of Xom (D:7)
  A hippogriff (D:8)
  A wyvern (D:10)
  3 yaks (D:9)
  2 wargs (Orc:1)
  A water moccasin (D:9)
  An ice beast (D:9)
  A sky beast (D:4)
  3 orc warriors
  A phantom (D:9)
  A necrophage (D:4)
  3 ogres
  The ghost of p0werm0de the Slasher, an amateur HECK of Xom (D:4)
  2 centaurs
  A crocodile (D:12)
  2 big kobolds
  4 bullfrogs
  A gnoll sergeant (D:10)
  A water moccasin zombie (Ossuary)
  A wyvern skeleton (D:11)
  3 scorpions
  14 killer bees
  3 wights (D:12)
  A howler monkey (D:5)
  A centaur zombie (D:6)
  A crimson imp (D:11)
  A quasit (D:11)
  A bullfrog zombie (D:12)
  4 hounds
  A jelly (D:11)
  Crazy Yiuf (D:5)
  5 orc priests
  3 bullfrog skeletons
  2 iguanas
  2 worker ants
  6 orc wizards
  3 big kobold zombies (Ossuary)
  A hound zombie (D:5)
  2 mummies (Ossuary)
  11 gnolls
  7 adders
  A shadow imp (D:12)
  An ooze (D:1)
  4 adder zombies
  An adder skeleton (D:9)
  A worm (D:3)
  A dart slug (D:3)
  4 leopard geckos
  31 orcs
  5 giant cockroaches
  12 goblins
  7 hobgoblins
  3 jackals (D:10)
  4 quokkas
  4 bats
  2 frilled lizards
  3 gnoll zombies (Ossuary)
  4 hobgoblin zombies (Ossuary)
  22 kobolds
  3 kobold zombies (Ossuary)
  5 orc zombies (Ossuary)
  4 rats
242 creatures vanquished.

Vanquished Creatures (collateral kills)
  Snorg (D:10)
1 creature vanquished.

Vanquished Creatures (others)
  11 spectral weapons
11 creatures vanquished.

Grand Total: 254 creatures vanquished

Notes
Turn   | Place    | Note
-------+----------+-------------------------------------------
     0 | D:1      | tidbits the High Elf Skald began the quest for the Orb.
     0 | D:1      | Reached XP level 1. HP: 14/14 MP: 4/4
   151 | D:3      | Reached skill level 3 in Spellcasting
   153 | D:3      | Reached XP level 2. HP: 19/19 MP: 1/7
   157 | D:3      | Learned a level 2 spell: Song of Slaying
   160 | D:3      | Learned a level 2 spell: Shroud of Golubria
   166 | D:3      | Noticed p0werm0de's ghost (amateur HECK)
   191 | D:2      | Reached skill level 3 in Long Blades
   228 | D:2      | Reached XP level 3. HP: 21/24 MP: 5/9
   233 | D:2      | Learned a level 3 spell: Spectral Weapon
   476 | D:3      | Reached skill level 4 in Charms
   492 | D:3      | Reached skill level 1 in Hexes
   494 | D:3      | Reached XP level 4. HP: 28/29 MP: 2/10
   582 | D:4      | Reached skill level 2 in Hexes
   612 | D:4      | Reached skill level 5 in Charms
   612 | D:4      | Reached XP level 5. HP: 22/34 MP: 5/11
   617 | D:4      | Learned a level 3 spell: Regeneration
   621 | D:5      | Entered Level 5 of the Dungeon
   621 | D:5      | Noticed a sky beast
   801 | D:4      | Noticed a necrophage
   808 | D:4      | Killed a necrophage
   808 | D:4      | Reached skill level 2 in Necromancy
   898 | D:4      | Killed a sky beast
   898 | D:4      | Reached skill level 4 in Long Blades
   898 | D:4      | Reached XP level 6. HP: 37/38 MP: 8/12
   902 | D:4      | Gained mutation: You have large cloven feet. [mutagenic meat]
   903 | D:4      | Gained mutation: You occasionally shout uncontrollably at your foes. [mutagenic meat]
   904 | D:4      | Gained mutation: Your flesh is cold resistant. (rC+) [mutagenic meat]
   905 | D:4      | Gained mutation: You are resistant to hostile enchantments. (MR+) [mutagenic meat]
   948 | D:4      | Noticed p0werm0de's ghost (amateur HECK)
   961 | D:4      | Killed p0werm0de's ghost
   961 | D:4      | Reached skill level 5 in Long Blades
  1024 | D:5      | Found a runed door.
  1031 | D:5      | Noticed Crazy Yiuf
  1037 | D:5      | Killed Crazy Yiuf
  1130 | D:5      | Found a staircase to the Ecumenical Temple.
  1136 | Temple   | Entered the Ecumenical Temple
  1177 | Temple   | Became a worshipper of Makhleb the Destroyer
  1264 | D:5      | Found a sand-covered staircase.
  1271 | Ossuary  | Entered an ossuary
  1306 | Ossuary  | Reached skill level 6 in Long Blades
  1339 | Ossuary  | Reached XP level 7. HP: 44/44 MP: 6/13
  1493 | D:5      | Reached skill level 7 in Long Blades
  1540 | D:6      | Reached * piety under Makhleb
  1555 | D:6      | Reached skill level 1 in Invocations
  1573 | D:6      | Reached skill level 2 in Invocations
  1737 | D:6      | Noticed Prince Ribbit
  1758 | D:6      | Killed Prince Ribbit
  1758 | D:6      | Reached skill level 3 in Fighting
  1758 | D:6      | Reached skill level 8 in Long Blades
  1758 | D:6      | Reached skill level 2 in Dodging
  1758 | D:6      | Reached XP level 8. HP: 29/52 MP: 8/14
  1937 | D:6      | Got a pair of bloodstained gloves
  1943 | D:6      | Identified the +3 pair of gloves of the Stallion {rF++ rN+++ MP+9 Str-4} (You found it on level 6 of the Dungeon)
  1953 | D:6      | Got a shimmering scale mail
  1964 | D:6      | Identified the cursed +0 scale mail "Ator" {rN+ MP-9 Dex+5} (You found it on level 6 of the Dungeon)
  2024 | D:7      | Reached skill level 3 in Dodging
  2034 | D:7      | Noticed p0werm0de's ghost (amateur HECK)
  2036 | D:7      | Lost mutation: You are resistant to hostile enchantments. (MR+) [potion of cure mutation]
  2036 | D:7      | Lost mutation: You occasionally shout uncontrollably at your foes. [potion of cure mutation]
  2036 | D:7      | Lost mutation: You have large cloven feet. [potion of cure mutation]
  2036 | D:7      | Lost mutation: Your flesh is cold resistant. (rC+) [potion of cure mutation]
  2044 | D:7      | Killed p0werm0de's ghost
  2044 | D:7      | Reached ** piety under Makhleb
  2044 | D:7      | Reached skill level 4 in Fighting
  2047 | D:7      | Reached skill level 9 in Long Blades
  2047 | D:7      | Reached skill level 4 in Dodging
  2060 | D:7      | Found Wyraog's Gadget Emporium.
  2081 | D:7      | Bought a wand of paralysis (13/24) for 165 gold pieces
  2307 | D:8      | Found Cuyrisuk's Assorted Antiques.
  2310 | D:8      | Bought a ring of protection for 42 gold pieces
  2310 | D:8      | Bought a scroll labeled MIXAMO DIVEFU for 21 gold pieces
  2310 | D:8      | Bought a metallic cyan potion for 18 gold pieces
  2359 | D:8      | Reached skill level 1 in Armour
  2462 | D:8      | Reached skill level 2 in Armour
  2487 | D:8      | Noticed a hippogriff
  2506 | D:8      | Killed a hippogriff
  2506 | D:8      | Reached skill level 3 in Armour
  2535 | D:8      | Reached XP level 9. HP: 51/59 MP: 12/15
  2642 | D:9      | Reached skill level 3 in Invocations
  2712 | D:10     | Entered Level 10 of the Dungeon
  2723 | D:10     | Reached skill level 4 in Invocations
  2830 | D:9      | Reached skill level 5 in Invocations
  2833 | D:9      | Reached skill level 6 in Invocations
  2842 | D:9      | Got a crude trident
  2883 | D:9      | Reached *** piety under Makhleb
  2883 | D:9      | Reached skill level 7 in Invocations
  2930 | D:9      | Found Nolewomu's Antique Armour Emporium.
  2986 | D:9      | Reached skill level 4 in Spellcasting
  3136 | D:9      | Identified a +3 rod of shadows (13/13) (You found it on level 9 of the Dungeon)
  3241 | D:9      | Reached skill level 1 in Evocations
  3309 | D:10     | Noticed a hill giant
  3323 | D:10     | Killed a hill giant
  3323 | D:10     | Reached skill level 4 in Evocations
  3476 | D:10     | Reached XP level 10. HP: 65/65 MP: 17/17
  3488 | D:10     | Noticed Snorg
  3496 | D:10     | Killed Snorg
  3661 | D:11     | Reached skill level 5 in Dodging
  3709 | D:11     | Noticed a red ugly thing
  3722 | D:11     | Killed a red ugly thing
  3722 | D:11     | Reached skill level 5 in Fighting
  3722 | D:11     | Reached skill level 10 in Long Blades
  3772 | D:11     | Gained mutation: You have sharp fingernails. [potion of mutation]
  3772 | D:11     | Gained mutation: You have a pair of small horns on your head. [potion of mutation]
  3772 | D:11     | Gained mutation: You tend to lose your temper in combat. [potion of mutation]
  3797 | D:11     | Noticed a hill giant
  3808 | D:11     | Killed a hill giant
  3903 | D:11     | Noticed a manticore
  3915 | D:11     | Killed a manticore
  3915 | D:11     | Reached skill level 6 in Dodging
  3972 | D:12     | Noticed a hill giant
  3984 | D:12     | Killed a hill giant
  3984 | D:12     | Reached skill level 6 in Fighting
  3984 | D:12     | Reached skill level 11 in Long Blades
  4011 | D:11     | Noticed a hill giant
  4024 | D:11     | Killed a hill giant
  4088 | D:11     | Reached XP level 11. HP: 73/73 MP: 18/18
  4103 | D:11     | Reached **** piety under Makhleb
  4290 | D:12     | Found Puviff's Assorted Antiques.
  4294 | D:12     | Noticed a hill giant
  4301 | D:12     | HP: 4/74 [hill giant/giant club (22)]
  4306 | D:12     | Killed a hill giant
  4309 | D:12     | Bought a scroll labeled MIXAMO DIVEFU for 36 gold pieces
  4309 | D:12     | Bought a large onyx ring for 180 gold pieces
  4471 | D:12     | Reached skill level 12 in Long Blades
  4471 | D:12     | Reached skill level 7 in Dodging
  4543 | D:12     | Noticed a hill giant
  4550 | D:12     | Killed a hill giant
  4646 | D:12     | Noticed a hill giant
  4655 | D:12     | Killed a hill giant
  4655 | D:12     | Reached skill level 7 in Fighting
  4675 | D:12     | Noticed a hill giant
  4688 | D:12     | Killed a hill giant
  4879 | D:9      | Found a staircase to the Orcish Mines.
  4883 | Orc:1    | Entered Level 1 of the Orcish Mines
  4886 | Orc:1    | Noticed a stone giant
  4904 | Orc:1    | Killed a stone giant
  4922 | Orc:1    | Slain by an orc warrior

Skill      XL: |  1  2  3  4  5  6  7  8  9 10 11 |
---------------+----------------------------------+-----
Spellcasting   | 3 4 |  4.4
Long Blades    | 3 4 6 8 9 11 12 | 12.8
Charms         | 4 5 |  5.7
Hexes          | 1 2 |  2.3
Necromancy     | 2 |  2.3
Invocations    | 2 7 |  7.1
Fighting       | 3 4 6 7 |  7.4
Dodging        | 2 4 6 7 |  7.9
Armour         | 3 |  3.9
Evocations     | 4 |  4.2

Action                   |  1- 3 |  4- 6 |  7- 9 | 10-12 || total
-------------------------+-------+-------+-------+-------++-------
Melee: Falchion          |     7 |       |       |       ||     7
       Long sword        |    64 |    99 |   252 |   238 ||   653
       Kick              |       |    16 |    46 |       ||    62
       Unarmed           |       |       |     2 |       ||     2
       Headbutt          |       |       |       |    47 ||    47
 Fire: Blowgun           |       |       |     2 |       ||     2
Throw: Tomahawk          |       |       |       |     1 ||     1
 Cast: Infusion          |     8 |     4 |     6 |       ||    18
       Shroud of Golubri |     1 |     2 |     8 |     8 ||    19
       Spectral Weapon   |       |    14 |    41 |    35 ||    90
       Regeneration      |       |     1 |     7 |    14 ||    22
       Song of Slaying   |       |       |     8 |       ||     8
Invok: Minor Destruction |       |       |     3 |       ||     3
       Lesser Servant of |       |       |       |     2 ||     2
Evoke: Wand              |       |       |       |     2 ||     2
  Use: Potion            |       |     3 |     4 |     4 ||    11
       Scroll            |       |       |    15 |    10 ||    25
 Stab: Distracted        |       |       |     5 |     4 ||     9
       Paralysed         |       |       |       |     5 ||     5
       Sleeping          |       |       |       |     1 ||     1
  Eat: Chunk             |       |     7 |    14 |     1 ||    22
       Beef jerky        |       |       |     1 |     7 ||     8
Armor: Leather armour    |    24 |       |       |       ||    24
       Ring mail         |    24 |    47 |   112 |    10 ||   193
       Troll leather arm |       |       |       |    47 ||    47
Dodge: Dodged            |    74 |    49 |   203 |   179 ||   505
       Rpst.: Long sword |    25 |    13 |    62 |    51 ||   151
       Falchion          |     1 |       |       |       ||     1

Table legend:
 A = Turns spent in this place as a percentage of turns spent in the entire game.
 B = Non-inter-level travel turns spent in this place as a percentage of non-inter-level travel turns spent in the entire game.
 C = Inter-level travel turns spent in this place as a percentage of turns spent in this place.
 D = Turns resting spent in this place as a percentage of non-inter-level travel turns spent in this place.
 E = Turns spent auto-exploring this place as a percentage of non-inter-level travel turns spent in this place.
 F = Non-inter-level travel turns spent in this place divided by the number of levels of this place that you've seen.
                   A       B       C       D       E      F
               +-------+-------+-------+-------+-------+----------------------
         Total | 100.0 | 100.0 |   0.1 |   0.0 |   0.0 | 293.5
       Dungeon |  94.5 |  94.5 |   0.1 |   0.0 |   0.0 | 341.5
        Temple |   0.9 |   0.9 |   2.3 |   0.0 |   0.0 |  43.0
  Orcish Mines |   1.0 |   1.0 |   0.0 |   0.0 |   0.0 |  48.0
       Ossuary |   3.5 |   3.5 |   0.0 |   0.0 |   0.0 | 166.0
               +-------+-------+-------+-------+-------+----------------------

Table legend:
 A = Kills in this place as a percentage of kills in entire the game.
 B = Kills by you in this place as a percentage of kills by you in the entire game.
 C = Kills by friends in this place as a percentage of kills by friends in the entire game.
 D = Other kills in this place as a percentage of other kills in the entire game.
 E = Experience gained in this place as a percentage of experience gained in the entire game.
 F = Experience gained in this place divided by the number of levels of this place that you have seen.
                   A       B       C       D       E      F
               +-------+-------+-------+-------+-------+----------------------
         Total | 100.0 | 100.0 | 100.0 |  -nan | 100.0 | 1067.5
       Dungeon |  87.7 |  87.6 | 100.0 |  -nan |  88.5 | 1162.8
  Orcish Mines |   2.9 |   2.9 |   0.0 |  -nan |  10.2 | 1747.0
       Ossuary |   9.5 |   9.5 |   0.0 |  -nan |   1.3 | 217.0
               +-------+-------+-------+-------+-------+----------------------

Vault maps used:
D:1:      nicolae_arrival_somewhat_less_tricky_arrival
D:2:      okawaru_trees_1
D:3:      minivault_19
D:4:      first_bread
D:5:      temple_statues, lightli_ossuary_entry_decrepit_ruins,
          uniq_crazy_yiuf_cottage
D:6:      corexii_shantytown, uniq_prince_ribbit1
D:7:      kennysheep_spiral_hall, serial_shops, shop_coins
D:8:      serial_shops, shop, nicolae_shop_behind_doors,
          nicolae_shop_overgrown_old_shop, basic_altar
D:9:      orc_0_dummy, serial_shops, kennysheep_mini
D:10:     david_lair_shrubbed, uniq_snorg
D:11:     grunt_ogre_cave
D:12:     serial_shops, nicolae_shop_crystal
D:13:     minmay_stone_box, grunt_vaults_entry_fortified,
          kennysheep_cross_bottleneck, minivault_22, lightli_elemental_guards
Temple:   kilobyte_greek_temple
Orc:1:    serial_shops, shop, mines_bat_river
Ossuary:  ossuary_tomb_2
